 Dungeon Crawl Stone Soup version 0.21-a0-352-g5b8f553 (console) character file.

23578 hexaflexagon the Protected (level 13, 0/98 HPs)
             Began as a Barachi Warper on Oct 10, 2017.
             Was a High Priest of Cheibriados.
             Killed from afar by a starcursed mass (6 damage)
             ... with an accursed screaming
             ... on level 2 of the Abyss.
             The game lasted 01:09:26 (19522 turns).

hexaflexagon the Protected (Barachi Warper)        Turns: 19522, Time: 01:09:26

Health: 0/98       AC: 18    Str: 24 (25) XL:     13   Next: 7%
Magic:  2/16       EV: 19    Int: 36      God:    Cheibriados [*****.]
Gold:   704        SH:  5    Dex: 24      Spells: 9/22 levels left

rFire    . . .     SeeInvis .   a - +0 falchion (elec)
rCold    . . .     Gourm    .   (no shield)
rNeg     . . .     Faith    .   t - +1 ring mail "Xirphum" {rC- Int+10}
rPois    .         Spirit   .   g - +2 hat
rElec    .         Reflect  +   z - +0 cloak
rCorr    .         Harm     .   R - +2 pair of gloves
MR       .....                  y - +0 pair of boots
Stlth    +.........             s - +5 amulet of reflection
HPRegen  0.26/turn              C - ring of ice
MPRegen  0.15/turn              V - ring of protection from fire

@: can't hop, very slightly contaminated, studying Armour, very slow
A: +LOS, swims, [deterioration 2], [dopey 2], [low mp 2], mutation resistance 1,
slowness 1, strong legs 2
a: Hop, Bend Time, Temporal Distortion, Slouch, Step From Time, Renounce
Religion


You were on level 2 of the Abyss.
You worshipped Cheibriados.
Cheibriados was extremely pleased with you.
You were not hungry.

You visited 3 branches of the dungeon, and saw 16 of its levels.
You visited the Abyss 1 time.
You also visited: Ossuary and Bailey.

You collected 908 gold pieces.
You spent 204 gold pieces at shops.

Inventory:

Hand Weapons
 a - a +0 falchion of electrocution (weapon)
 X - a +2 great sword of freezing
Missiles
 e - 3 tomahawks of dispersal (quivered) {=F}
Armour
 g - a +2 hat (worn)
 t - the +1 ring mail "Xirphum" (worn) {rC- Int+10}
   (You found it on level 4 of the Dungeon)

   It affects your intelligence (+10).
   It makes you vulnerable to cold.
 y - a +0 pair of boots (worn)
 z - a +0 cloak (worn)
 R - a +2 pair of gloves (worn)
Jewellery
 s - a +5 amulet of reflection (around neck)
 C - a ring of ice (left hand)
 U - an uncursed ring of resist corrosion
 V - a ring of protection from fire (right hand)
Wands
 b - a wand of disintegration (14/24)
 j - a wand of confusion (25/48)
 u - a wand of acid (3/15)
 w - a wand of confusion (19/48)
 A - a wand of confusion (31/48)
 B - a wand of enslavement (15/24)
 G - a wand of iceblast (3/15)
 S - a wand of polymorph (11/24)
 W - a wand of paralysis (18/24)
Scrolls
 d - 2 scrolls of blinking
 i - 5 scrolls of recharging
 k - 9 scrolls of remove curse
 l - 5 scrolls of enchant armour {unknown}
 o - a scroll of silence {unknown}
 p - 3 scrolls of vulnerability {unknown}
 q - 2 scrolls of amnesia
 D - 2 scrolls of acquirement {unknown}
 E - 5 scrolls of magic mapping {unknown}
 I - 2 scrolls of immolation {unknown}
 L - 3 scrolls of enchant weapon {unknown}
 T - 5 scrolls of teleportation
Potions
 m - 2 potions of invisibility
 r - a potion of magic {unknown}
 v - 4 potions of curing
 x - 2 potions of brilliance
 H - a potion of agility
 J - 4 potions of might
 M - a potion of cancellation {unknown}
 N - a potion of ambrosia {unknown}
Books
 c - a manual of Armour
Miscellaneous
 P - a lamp of fire
Comestibles
 f - 10 bread rations
 O - 6 fruits
 Q - 3 meat rations


   Skills:
 - Level 8.2 Fighting
 + Level 11.9 Long Blades
 - Level 1.0 Throwing
 + Level 14.7 Armour
 - Level 8.6 Dodging
 - Level 5.0 Spellcasting
 - Level 3.7 Charms
 - Level 10.0 Summonings
 - Level 3.2 Translocations
 - Level 4.0 Air Magic
 - Level 6.5 Invocations


You had 9 spell levels left.
You knew the following spells:

 Your Spells              Type           Power        Failure   Level  Hunger
b - Blink                 Tloc           N/A          1%          2    None
c - Call Canine Familiar  Summ           ######..     1%          3    None
g - Shroud of Golubria    Chrm/Tloc      ####......   1%          2    None
i - Call Imp              Summ           ######..     1%          2    None
l - Summon Lightning Spi  Summ/Air       ######..     3%          4    ###....


Dungeon Overview and Level Annotations

Branches:
Dungeon (11/15)            Temple (1/1) D:7            Lair (4/6) D:11
  Swamp (0/4) Lair:2       Spider (0/4) Lair:3          Orc (0/2) D:10

Altars:
Ashenzari
Cheibriados
Dithmenos
Elyvilon
Fedhas
Gozag
Hepliaklqana
Kikubaaqudgha
Makhleb
Nemelex Xobeh
Okawaru
Qazlal
Ru
Sif Muna
Trog
Uskayaw
Vehumet
Wu Jian
Xom
Yredelemnul
Zin
The Shining One

Shops:
D:11 [(**

Annotations:
D:4 exclusion: upstairs
D:7 2 exclusions
Lair:4 Sonja


Innate Abilities, Weirdness & Mutations

Shadows flee at your approach. (+LOS)
You can swim through water.
You cover ground slowly.
You can hop longer distances.
You are somewhat resistant to further mutation.
[Your body often deteriorates upon taking damage.]
[You are very dopey. (Int -4)]
[Your magical capacity is very low. (-20% MP)]


Message History

* * * LOW HITPOINT WARNING * * *
Your body deteriorates!
You feel weakened.
A white imp comes into view.
Hop to where?
Press: ? - help, Dir - move target cursor, p - wretched star Boing!
A starcursed mass comes into view.
The white imp gestures at you. The puff of frost hits you!
* * * LOW HITPOINT WARNING * * *
The starcursed mass shrieks in your mind.
* * * LOW HITPOINT WARNING * * *
Okay, then.
Blink to where?
Press: ? - help, Dir - move target cursor You are very lightly contaminated with residual magic.
As you read the scroll of blinking, it crumbles to dust.
A starcursed mass splits.
A chorus of shrieks assaults your mind.
You die...

.. .............####
. ..
#..##..###.....###.
.##.. #..##.#.###§#
.. ....
.....###..### ...
..XX ....5 # #..
#..##.##.## #
##..##..##..##..§# #
..............#.#..#
. ........@.....##
### ..
##..##..##..##.# #
#.. .# .... .. ....!
.# #..##.. # #.. #.=
.$. ... .. ...


You could see 2 starcursed masses.

Vanquished Creatures
  2 black mambas
  3 spiny frogs
  A komodo dragon (Lair:2)
  A tyrant leech (Lair:2)
  Prince Ribbit (D:5)
  A hippogriff (Lair:2)
  5 yaks (Lair:2)
  Sigmund (D:2)
  Eustachio (D:4)
  4 porcupines (Lair:1)
  5 water moccasins
  3 orc warriors
  A sky beast (D:9)
  A black bear (D:7)
  An eye of draining (D:8)
  2 ogres
  5 centaurs
  A crocodile (Lair:3)
  A big kobold (D:8)
  12 bullfrogs
  2 scorpions (D:6)
  4 killer bees
  4 wights
  8 crimson imps
  A bullfrog zombie (D:8)
  2 centaur zombies
  3 centaur skeletons
  5 hounds
  A jelly (D:5)
  5 orc priests
  4 orc wizards
  A bullfrog skeleton (D:10)
  Jessica (D:4)
  10 worker ants
  Natasha (thrice) (D:2 D:4)
  Terence (D:1)
  A hound zombie (D:5)
  2 hound skeletons
  2 mummies (Ossuary)
  A worker ant zombie (D:5)
  Robin (D:2)
  3 gnolls
  A howler monkey skeleton (D:11)
  16 adders
  2 shadow imps (D:6)
  4 oozes
  2 adder zombies (D:6)
  An adder skeleton (D:8)
  3 worms
  7 leopard geckos
  32 orcs
  3 giant cockroaches
  18 goblins
  16 hobgoblins
  4 jackals (D:5)
  12 kobolds
  3 quokkas
  6 ball pythons
  5 bats
  2 frilled lizards (D:1)
  2 gnoll skeletons (Ossuary)
  A goblin zombie (D:7)
  A jackal zombie (D:8)
  2 kobold skeletons (Ossuary)
  An orc skeleton (Ossuary)
  A quokka skeleton (D:7)
  2 quokka zombies
  8 rats
  11 rat skeletons (Ossuary)
283 creatures vanquished.

Vanquished Creatures (collateral kills)
  Gastronok (Lair:2)
  A hydra (Lair:2)
  3 death yaks (D:11)
  5 two-headed ogres
  An unseen horror (D:11)
  A cyclops (D:11)
  A black mamba (Lair:3)
  A gargoyle (D:10)
  A komodo dragon (Lair:1)
  2 trolls (D:11)
  5 blink frogs (Lair:1)
  2 hippogriffs
  A wyvern (D:10)
  4 yaks
  A wraith (D:9)
  4 basilisks
  A chaos spawn (Abyss:2)
  2 water moccasins (Lair:1)
  An acid dragon (D:11)
  3 porcupines
  10 orc warriors
  3 sky beasts (D:10)
  An ogre (D:5)
  2 black bears
  6 centaurs (Bailey)
  2 big kobolds
  2 bullfrogs
  3 killer bees
  6 wights
  A crimson imp (D:10)
  A centaur skeleton (D:9)
  A hound (D:10)
  3 orc wizards
  2 iguanas
  5 hell rats
  10 mummies (Ossuary)
  A howler monkey zombie (D:9)
  An adder (D:9)
  21 orcs
  A giant cockroach (D:8)
  10 kobolds
  6 quokkas
  A goblin skeleton (Ossuary)
  An orc skeleton (Ossuary)
  2 rats (D:11)
143 creatures vanquished.

Vanquished Creatures (others)
  A kobold skeleton (Ossuary)
  A lurking horror (Abyss:2)
2 creatures vanquished.

Grand Total: 428 creatures vanquished

Notes
Turn   | Place    | Note
-------+----------+-------------------------------------------
     0 | D:1      | hexaflexagon the Barachi Warper began the quest for the Orb.
     0 | D:1      | Reached XP level 1. HP: 17/17 MP: 3/3
   417 | D:1      | Reached XP level 2. HP: 23/23 MP: 5/5
  1161 | D:1      | Learned a level 2 spell: Shroud of Golubria
  1164 | D:1      | Learned a level 2 spell: Blink
  1192 | D:1      | Reached XP level 3. HP: 25/28 MP: 6/6
  1754 | D:2      | Found a stormy altar of Qazlal.
  1835 | D:2      | Noticed Terence
  1905 | D:1      | HP: 1/28 [Terence/flail (9)]
  2337 | D:2      | Noticed Natasha
  2347 | D:2      | Killed Natasha
  2347 | D:2      | Reached skill level 5 in Long Blades
  2347 | D:2      | Reached XP level 4. HP: 16/34 MP: 7/7
  2492 | D:2      | Noticed Sigmund
  2504 | D:2      | Killed Sigmund
  2504 | D:2      | Reached XP level 5. HP: 4/39 MP: 8/8
  2504 | D:2      | Reached XP level 6. HP: 5/46 MP: 9/9
  3035 | D:2      | Noticed Natasha
  3039 | D:2      | Killed Natasha
  3095 | D:3      | Noticed Robin
  3283 | D:2      | Killed Robin
  4085 | D:3      | Found a hazy altar of Hepliaklqana.
  4362 | D:3      | Reached XP level 7. HP: 18/52 MP: 10/10
  4675 | D:3      | Noticed Jessica
  4705 | D:4      | Killed Jessica
  4806 | D:4      | Noticed Natasha
  4818 | D:4      | Killed Natasha
  4954 | D:4      | Gained mutation: You are somewhat resistant to further mutation. [potion of mutation]
  5461 | D:4      | Got a diamond-encrusted ring mail
  5538 | D:4      | Noticed Eustachio
  5779 | D:4      | Identified the +1 ring mail "Xirphum" {rC- Int+10} (You found it on level 4 of the Dungeon)
  5861 | D:5      | Entered Level 5 of the Dungeon
  5879 | D:5      | Reached skill level 5 in Fighting
  6644 | D:5      | Reached skill level 1 in Charms
  6644 | D:5      | Reached XP level 8. HP: 56/63 MP: 8/11
  6655 | D:5      | Noticed Prince Ribbit
  6964 | D:4      | Killed Eustachio
  6964 | D:4      | Reached skill level 5 in Dodging
  8267 | D:6      | Learned a level 3 spell: Call Canine Familiar
  8351 | D:6      | Reached skill level 1 in Summonings
  8513 | D:6      | Found an opulent altar of Gozag.
  8829 | D:6      | Reached skill level 5 in Summonings
  9142 | D:6      | Learned a level 4 spell: Summon Lightning Spire
  9364 | D:5      | Reached skill level 1 in Air Magic
  9364 | D:5      | Reached XP level 9. HP: 71/71 MP: 8/12
 10745 | D:1      | Killed Terence
 10954 | D:5      | Killed Prince Ribbit
 11325 | D:7      | Found an iron altar of Okawaru.
 11549 | D:7      | Found a sand-covered staircase.
 11575 | Ossuary  | Entered an ossuary
 12284 | D:7      | Found a staircase to the Ecumenical Temple.
 12369 | Temple   | Entered the Ecumenical Temple
 12543 | D:7      | Found a sparkling altar of Nemelex Xobeh.
 12688 | D:7      | Found a glowing silver altar of Zin.
 13154 | D:8      | Found a snail-covered altar of Cheibriados.
 13649 | D:9      | Noticed a two-headed ogre
 13660 | D:9      | Killed a two-headed ogre
 13660 | D:9      | Reached XP level 10. HP: 61/77 MP: 6/17
 13723 | D:9      | Reached skill level 5 in Spellcasting
 13987 | D:9      | Noticed a two-headed ogre
 13995 | D:9      | Killed a two-headed ogre
 14084 | D:9      | Noticed a two-headed ogre
 14107 | D:9      | Killed a two-headed ogre
 14470 | D:9      | Found a snail-covered altar of Cheibriados.
 14483 | D:9      | Became a worshipper of Cheibriados the Contemplative
 14603 | D:10     | Entered Level 10 of the Dungeon
 14671 | D:10     | Found a staircase to the Orcish Mines.
 14680 | D:10     | Noticed a gargoyle
 14693 | D:10     | Killed a gargoyle
 14794 | D:10     | Reached skill level 10 in Summonings
 14897 | D:10     | Reached * piety under Cheibriados
 14975 | D:10     | Noticed a two-headed ogre
 14984 | D:10     | Killed a two-headed ogre
 14984 | D:10     | Reached skill level 1 in Invocations
 15199 | D:11     | Found Jiprog's Assorted Antiques.
 15212 | D:11     | Noticed a death yak
 15213 | D:11     | Found a staircase to the Lair.
 15214 | D:11     | Noticed a death yak
 15214 | D:11     | Noticed a death yak
 15228 | D:11     | Killed a death yak
 15228 | D:11     | Killed a death yak
 15228 | D:11     | Reached ** piety under Cheibriados
 15228 | D:11     | Reached XP level 11. HP: 86/86 MP: 11/18
 15228 | D:11     | Killed a death yak
 15423 | D:11     | Found Raez's Antique Weapon Shoppe.
 15460 | D:11     | Found Pypahepe's Assorted Antiques.
 15470 | D:11     | Found a flagged portal.
 15535 | Bailey   | Entered a bailey
 15551 | Bailey   | Reached *** piety under Cheibriados
 15983 | Bailey   | Got a dazzling bardiche
 16108 | Bailey   | Reached **** piety under Cheibriados
 16188 | D:11     | Identified the +6 bardiche "Merryot" {speed, rPois Dex+2 SInv} (You found it in a bailey)
 16251 | D:11     | Found Hobiaru's Assorted Antiques.
 16404 | D:11     | Bought a scroll of identify for 56 gold pieces
 16404 | D:11     | Bought a scroll labeled UTAONK VOOCHO for 28 gold pieces
 16474 | D:11     | Noticed a two-headed ogre
 16476 | D:11     | Killed an unseen horror
 16479 | D:11     | Killed a two-headed ogre
 16487 | D:11     | Found Orghigya's Armour Shop.
 16496 | D:11     | Noticed a cyclops
 16509 | D:11     | Killed a cyclops
 16633 | D:11     | Bought a scroll of identify for 62 gold pieces
 16633 | D:11     | Bought a smoky blue potion for 27 gold pieces
 16633 | D:11     | Bought a scroll labeled QOSUIPP VAAGORPH for 31 gold pieces
 16648 | D:11     | Reached skill level 14 in Armour
 16648 | D:11     | Reached XP level 12. HP: 93/93 MP: 19/19
 16671 | Lair:1   | Entered Level 1 of the Lair of Beasts
 16694 | Lair:1   | Reached skill level 10 in Long Blades
 16903 | Lair:1   | Reached skill level 5 in Invocations
 16907 | Lair:1   | Reached ***** piety under Cheibriados
 17430 | Lair:1   | Found an ancient bone altar of Kikubaaqudgha.
 17650 | Lair:1   | You fall through a shaft!
 17954 | Lair:2   | Noticed Gastronok
 17964 | Lair:2   | Killed Gastronok
 18039 | Lair:2   | Noticed a seven-headed hydra
 18048 | Lair:2   | Killed a seven-headed hydra
 18106 | Lair:2   | Found a staircase to the Swamp.
 18280 | Lair:2   | Gained mutation: You can hop longer distances. [Barachi growth]
 18280 | Lair:2   | Reached XP level 13. HP: 94/98 MP: 20/20
 18722 | Lair:3   | Found a hole to the Spider Nest.
 19403 | D:11     | Learned a level 2 spell: Call Imp
 19440 | Lair:4   | Noticed Sonja
 19448 | Lair:4   | Cast into level 2 of the Abyss (Sonja)
 19521 | Abyss:2  | Noticed a starcursed mass
 19522 | Abyss:2  | Killed from afar by a starcursed mass

Vault maps used:
D:1:      evilmike_arrival_run_for_it, minmay_liquid_box
D:2:      old_standard_altar, uniq_terence, uniq_sigmund, uniq_natasha
D:3:      cheibrodos_greedy_goblins, nicolae_overflow_hidden_temple,
          first_bread, minivault_5, uniq_jessica, uniq_robin
D:4:      uniq_eustachio
D:5:      uniq_prince_ribbit1
D:6:      grunt_gozag_statues
D:7:      kennysheep_mini_moat, lemuel_crystal_altar, marbit_many_paths,
          minmay_temple_entry_crystal_x, enter_ossuary_4
D:8:      nicolae_overflow_crystal_walls
D:9:      basic_altar
D:10:     orc_0_dummy
D:11:     dpeg_lair_monsters, enter_bailey_2, serial_shops, shop,
          nicolae_shop_trees, shop, nicolae_shop_overgrown_old_shop,
          nicolae_shop_stone
Temple:   nicolae_temple_elliptical
Lair:1:   basic_altar, grunt_megastairs_2
Lair:2:   minmay_swamp_entry_worms, infiniplex_staircase_pool, uniq_gastronok
Lair:3:   dummy_spider_entry, serial_bayou_shore_b
Lair:4:   minmay_holes, serial_bayou_ford_a, lemuel_fruit_fields,
          lemuel_fruit_fields, uniq_sonja
Abyss:2:  evilmike_abyss_exit_vortex
Ossuary:  ossuary_due_small_catacomb
Bailey:   bailey_polearm_flooded_kennysheep, bailey

Skill      XL: |  1  2  3  4  5  6  7  8  9 10 11 12 |
---------------+-------------------------------------+-----
Long Blades    | 3 4 5 7 8 9 11 | 11.9
Fighting       | 3 5 6 8 |  8.2
Dodging        | 3 4 5 7 8 |  8.6
Charms         | 1 3 |  3.7
Summonings     | 5 8 10 | 10.0
Air Magic      | 1 4 |  4.0
Spellcasting   | 4 5 |  5.0
Invocations    | 2 4 6 |  6.5
Armour         | 14 | 14.7
Throwing       | |  1.0
Translocations | |  3.2

Action                   |  1- 3 |  4- 6 |  7- 9 | 10-12 | 13-15 || total
-------------------------+-------+-------+-------+-------+-------++-------
Melee: Falchion          |   172 |   136 |   815 |   237 |    25 ||  1385
 Fire: Blowgun           |       |    11 |    23 |       |       ||    34
Throw: Stone             |     4 |       |       |       |       ||     4
       Tomahawk          |       |       |     2 |       |       ||     2
 Cast: Blink             |     3 |     2 |    13 |       |       ||    18
       Shroud of Golubri |     2 |     1 |    27 |       |       ||    30
       Call Canine Famil |       |       |    23 |    32 |     4 ||    59
       Summon Lightning  |       |       |     6 |    49 |     7 ||    62
       Call Imp          |       |       |       |       |     3 ||     3
 Abil: Hop               |     3 |     1 |     9 |     5 |     1 ||    19
Evoke: Wand              |       |       |    21 |     2 |     2 ||    25
  Use: Scroll            |     1 |       |     6 |     9 |     3 ||    19
       Potion            |     1 |       |     8 |     2 |     1 ||    12
 Stab: Confused          |       |       |     4 |       |       ||     4
       Invisible         |       |       |     1 |       |       ||     1
       Sleeping          |       |       |     1 |       |       ||     1
       Distracted        |       |       |     5 |     7 |     2 ||    14
  Eat: Chunk             |     5 |     8 |    25 |    15 |     1 ||    54
       Meat ration       |       |       |     1 |       |       ||     1
       Bread ration      |       |       |     1 |       |       ||     1
       Royal jelly       |       |       |     2 |     1 |     1 ||     4
       Fruit             |       |       |     1 |       |       ||     1
Armor: Leather armour    |    34 |    34 |   135 |       |       ||   203
       Ring mail         |       |       |    56 |    97 |    19 ||   172
Dodge: Dodged            |   119 |    82 |   519 |   285 |    23 ||  1028
Block: Other             |       |       |       |       |     5 ||     5
       Reflection        |       |       |       |       |     1 ||     1
       Rpst.: Falchion   |    34 |    25 |   176 |    58 |     8 ||   301

Table legend:
 A = Spawn XP
 B = Non-spawn XP
 C = Spawn XP percentage of total XP
 D = Spawn monster count
 E = Non-spawn monster count
 F = Spawn count percentage of total count
 G = Total turns spent on level
                    A         B        C        D         E        F      G
               +---------+---------+-------+---------+---------+-------+---------
         Total |      95 |   22528 |   0.4 |       1 |     425 |   0.2 | 19522
               +---------+---------+-------+---------+---------+-------+---------
           D:1 |       0 |      68 |   0.0 |       0 |      24 |   0.0 |  1621
           D:2 |       0 |     492 |   0.0 |       0 |      31 |   0.0 |  2478
           D:3 |       0 |     352 |   0.0 |       0 |      41 |   0.0 |  1614
           D:4 |       0 |     630 |   0.0 |       0 |      19 |   0.0 |  2055
           D:5 |       0 |     834 |   0.0 |       0 |      31 |   0.0 |  1639
           D:6 |       0 |     668 |   0.0 |       0 |      18 |   0.0 |  1895
           D:7 |       0 |     431 |   0.0 |       0 |      17 |   0.0 |   728
           D:8 |       0 |     642 |   0.0 |       0 |      23 |   0.0 |   844
           D:9 |       0 |    2413 |   0.0 |       0 |      26 |   0.0 |  1027
          D:10 |       0 |    1652 |   0.0 |       0 |      29 |   0.0 |   596
          D:11 |       0 |    3503 |   0.0 |       0 |      40 |   0.0 |   841
        Lair:1 |       0 |    3683 |   0.0 |       0 |      29 |   0.0 |  1250
        Lair:2 |       0 |    4166 |   0.0 |       0 |      14 |   0.0 |   747
        Lair:3 |       0 |    1527 |   0.0 |       0 |      14 |   0.0 |   759
       Abyss:2 |      95 |       0 | 100.0 |       1 |       0 | 100.0 |    74
       Ossuary |       0 |     169 |   0.0 |       0 |      30 |   0.0 |   591
        Bailey |       0 |    1298 |   0.0 |       0 |      39 |   0.0 |   644
               +---------+---------+-------+---------+---------+-------+---------
